 Dungeon Crawl Stone Soup version 0.31.0-11-ge490571c62 (webtiles) character file.

Game seed: 4398885523007035257

19973 blundermoth the Warrior (level 12, -6/121 HPs)
             Began as a Minotaur Berserker on Feb 2, 2024.
             Was an Elder of Trog.
             Mangled by a harpy (8 damage)
             ... on level 2 of the Lair of Beasts.
             The game lasted 01:28:52 (11359 turns).

blundermoth the Warrior (Minotaur Berserker)       Turns: 11359, Time: 01:28:52

Health: -6/121     AC: 17    Str: 32    XL:     12   Next: 41%
Magic:  0/11       EV: 11    Int:  4    God:    Trog [****..]
Gold:   421        SH:  0    Dex: 11    Spells: 11/11 levels left

rFire   . . .        b - +6 trident (drain)
rCold   . . .        (no shield)
rNeg    . . .        G - +0 plate armour
rPois   .            (helmet restricted)
rElec   .            (no cloak)
rCorr   .            g - +2 pair of gloves
SInv    .            (no boots)
Will    +....        f - amulet of guardian spirit Stlth
                     a - +6 ring of strength
HPRegen 0.40/turn    (no ring)
MPRegen 0.12/turn

%: guardian spirit
@: enlightened, flying, studying Short Blades, invisible
A: horns 2, retaliatory headbutt
a: Renounce Religion, Berserk, Trog's Hand, Brothers in Arms


You were on level 2 of the Lair of Beasts.
You worshipped Trog.
Trog was greatly pleased with you.
You visited 4 branches of the dungeon, and saw 15 of its levels.

You collected 652 gold pieces.
You spent 231 gold pieces at shops.

Inventory:

Hand Weapons
 b - a +6 trident of draining (weapon)
 x - the +0 rapier of Nyucsunoado {venom, *Rage Fly rC+++}
   (You found it on level 3 of the Dungeon)

   rC+++:     It renders you almost immune to cold.
   Fly:       It grants you flight.
   *Rage:     It berserks you when you make melee attacks (+20% chance).
Missiles
 n - 33 poisoned darts (quivered)
 J - 2 throwing nets
Armour
 g - a +2 pair of gloves (worn)
 r - a scarf of invisibility
 F - +0 steam dragon scales
 G - a +0 plate armour (worn)
Jewellery
 a - a +6 ring of strength (left hand)
 f - an amulet of guardian spirit (around neck)
 i - a ring of positive energy
 L - an amulet of reflection
 M - an amulet of faith
Wands
 D - a wand of acid (7)
 I - a wand of charming (5)
Scrolls
 c - 9 scrolls of teleportation
 d - 4 scrolls of immolation
 o - 2 scrolls of fear
 s - 2 scrolls of blinking {unknown}
 t - 3 scrolls of enchant armour
 u - 3 scrolls of poison
 v - a scroll of vulnerability {unknown}
 y - a scroll of torment {unknown}
 B - a scroll of identify
 E - a scroll of silence {unknown}
Potions
 e - 2 potions of mutation {unknown}
 h - a potion of invisibility
 j - a potion of berserk rage {unknown}
 k - a potion of brilliance {unknown}
 l - a potion of magic {unknown}
 m - a potion of haste {unknown}
 p - a potion of might {unknown}
 q - a potion of cancellation {unknown}
 z - a potion of attraction {unknown}
 A - 4 potions of curing
 C - 5 potions of degeneration
 H - 2 potions of enlightenment
 K - a potion of resistance {unknown}


   Skills:
 + Level 15.5 Fighting
 + Level 10.4 Short Blades
 - Level 12.0 Polearms
 + Level 4.5 Throwing
 + Level 9.2 Armour
 + Level 8.4 Dodging


You had 11 spell levels left.
You didn't know any spells.
Your spell library was empty.

Dungeon Overview and Level Annotations

Branches:
Dungeon (10/15)            Temple (1/1) D:6            Lair (3/5) D:9
 Shoals (1/4) Lair:2
  Snake: Lair:2-3    Spider: Lair:2-3       Orc: D:9-12

Altars:
Ashenzari
Cheibriados
Elyvilon
Fedhas
Gozag
Hepliaklqana
Kikubaaqudgha
Makhleb
Nemelex Xobeh
Okawaru
Qazlal
Ru
Sif Muna
Trog
Uskayaw
Vehumet
Wu Jian
Xom
Yredelemnul
Zin
The Shining One

Shops:
D:1 =!::[   D:4 :   D:8 [[*

Annotations:
D:9 3 runed translucent doors, JaaP's ghost, journeyman DjFE
Lair:2 exclusion: oklob plant


Innate Abilities, Weirdness & Mutations

You have a pair of horns on your head.
You reflexively headbutt those who attack you in melee.


Message History

The harpy claws you!
* * * LOW HITPOINT WARNING * * *
The harpy barely misses you.
You feel much better. The harpy misses you. You furiously retaliate!
You headbutt the harpy! The harpy closely misses you.
The harpy claws you but does no damage. The harpy claws you!
* * * LOW HITPOINT WARNING * * *
You closely miss the harpy.
The harpy is severely wounded.
A nearby plant withers and dies.
The harpy claws you but does no damage. The harpy barely misses you.
The harpy claws you!
* * * LOW HITPOINT WARNING * * *
The harpy claws you but does no damage. x2; The harpy barely misses you.
You closely miss the harpy.
The harpy is severely wounded.
The harpy barely misses you. x2; The harpy claws you.
* * * LOW HITPOINT WARNING * * *
The harpy barely misses you.
The harpy claws you but does no damage. x2
Read: 5 scrolls of immolation
Press: ? - help, Q - select action, (/) - cycle Dir - look around, f - activate Look: a harpy (severely wounded, lightly drained, susceptible)
As you read the scroll of immolation, it crumbles to dust.
The creatures around you are filled with an inner flame!
The harpy claws you but does no damage. The harpy closely misses you.
You feel very buoyant.
You fly up into the air.
The harpy claws you!
* * * LOW HITPOINT WARNING * * *
The harpy claws you but does no damage. The harpy claws you!
* * * LOW HITPOINT WARNING * * *
The harpy claws you but does no damage.
You feel better.
You recover from your berserk rage.
The harpy claws you.
* * * LOW HITPOINT WARNING * * *
The harpy claws you but does no damage. x2; The harpy claws you!
* * * LOW HITPOINT WARNING * * *
You fade into invisibility!
The harpy misses you. You furiously retaliate!
You headbutt the harpy.
Flame seeps out of the harpy.
The harpy claws you!
You die...

##................#..###.....###
#....##.##.......#...# #..#....#
....###....#...#....#.##.....###
.#.###.###....#..#####......##
.### ##......#..## #.....)## .#
##...>.....####...#### ##
##..#.##.#..##.#....#
###..#...##......##..##
#....P....##@H......## #
#......##...H.....#.#
.####.............÷.#####
............##....÷##
.<..##....#....#..##
....###...#.......#
....##...##......##
.........##...#.##
##....##..#....##


You could see 2 harpies.

Vanquished Creatures
  Harold (Lair:1)
  A hydra (Lair:1)
  3 death yaks (D:9)
  A sea snake (Lair:2)
  Pikel (D:7)
  2 harpies
  The ghost of Skimidon the Thaumaturge, a novice SpSu of Dithmenos (D:6)
  A faun (Shoals:1)
  Maurice (D:7)
  10 elephants (Lair:2)
  A black mamba (Lair:1)
  2 cane toads (Lair:2)
  An unseen horror (D:6)
  Jeremiah (D:6)
  Maggie (D:7)
  5 komodo dragons
  Prince Ribbit (D:9)
  17 yaks
  A basilisk (Lair:2)
  2 steam dragons
  An acid dragon (D:8)
  6 water moccasins
  3 orc warriors
  A sky beast (D:7)
  An ogre (D:4)
  2 black bears
  An ice beast (D:8)
  6 centaurs
  2 lemures (D:7)
  3 phantoms
  4 kobold brigands
  11 bullfrogs
  4 scorpions
  6 killer bees (D:9)
  An electric eel (D:6)
  4 hounds
  2 jellies
  3 bombardier beetles
  Crazy Yiuf (D:4)
  2 orc priests
  A sleepcap (D:6)
  A gnoll bouda (D:6)
  An iguana (D:4)
  6 orc wizards
  A hell rat (D:9)
  10 gnolls
  6 adders
  A river rat (D:9)
  A shadow imp (D:4)
  4 white imps
  2 ufetubi (D:5)
  3 dart slugs
  3 ribbon worms
  26 orcs
  6 ball pythons
  5 endoplasms
  9 giant cockroaches
  9 goblins
  5 hobgoblins
  20 kobolds
  A quokka (D:9)
  3 bats
  4 frilled lizards
  12 rats
258 creatures vanquished.

Vanquished Creatures (others)
  An orc (D:8)
1 creature vanquished.

Grand Total: 259 creatures vanquished

Notes
Turn   | Place    | Note
-------+----------+-------------------------------------------
     0 | D:1      | blundermoth the Minotaur Berserker began the quest for the
                  | Orb.
     0 | D:1      | Reached XP level 1. HP: 19/19 MP: 0/0
    26 | D:1      | Found Qiywnati's Antique Armour Boutique.
    59 | D:1      | Found a faded altar of an unknown god.
   122 | D:1      | Reached XP level 2. HP: 27/27 MP: 1/1
   223 | D:1      | Found Zupooffad's Book Emporium.
   280 | D:1      | Found Fikeel's Jewellery Boutique.
   380 | D:1      | Found Gularph's Book Emporium.
   433 | D:1      | Found Vacoe's Distillery.
   693 | D:2      | Reached skill level 4 in Fighting
   785 | D:2      | Reached XP level 3. HP: 27/33 MP: 2/2
  1016 | D:2      | Reached ** piety under Trog
  1466 | D:3      | Reached XP level 4. HP: 40/40 MP: 3/3
  1653 | D:3      | Reached XP level 5. HP: 35/47 MP: 1/4
  1839 | D:3      | Found a radiant altar of Vehumet.
  2062 | D:3      | Identified the +0 rapier of Nyucsunoado {venom, *Rage Fly
                  | rC+++}
  2440 | D:4      | Noticed a phantom
  2454 | D:4      | Killed a phantom
  2455 | D:4      | Reached skill level 5 in Fighting
  2455 | D:4      | Reached skill level 1 in Short Blades
  2455 | D:4      | Reached skill level 5 in Polearms
  2537 | D:4      | Reached XP level 6. HP: 53/56 MP: 5/5
  2556 | D:4      | Found Ysarhithrah's Book Boutique.
  2899 | D:4      | Found a glowing silver altar of Zin.
  3126 | D:4      | Reached skill level 6 in Fighting
  3292 | D:4      | Found a runed translucent door.
  3293 | D:4      | Noticed Crazy Yiuf
  3303 | D:4      | Killed Crazy Yiuf
  3304 | D:4      | Reached XP level 7. HP: 63/63 MP: 4/6
  3398 | D:5      | Entered Level 5 of the Dungeon
  3596 | D:5      | Found an ornate altar of the Wu Jian Council.
  4225 | D:5      | Found a blossoming altar of Fedhas.
  4237 | D:5      | Reached skill level 7 in Fighting
  4245 | D:5      | Reached XP level 8. HP: 73/73 MP: 4/7
  4463 | D:6      | Found a runed translucent door.
  4536 | D:6      | Noticed Jeremiah
  4560 | D:6      | Killed Jeremiah
  4561 | D:6      | Reached skill level 8 in Fighting
  4771 | D:6      | Reached skill level 9 in Fighting
  4771 | D:6      | Reached skill level 10 in Polearms
  4971 | D:6      | Reached XP level 9. HP: 84/84 MP: 8/8
  5030 | D:6      | Noticed Skimidon's ghost (novice SpSu)
  5285 | D:6      | Killed an unseen horror
  5286 | D:6      | Reached skill level 10 in Fighting
  5334 | D:6      | Found a staircase to the Ecumenical Temple.
  5347 | Temple   | Entered the Ecumenical Temple
  5907 | D:6      | Killed Skimidon's ghost
  5996 | D:7      | Noticed Maurice
  6206 | D:7      | Reached skill level 11 in Fighting
  6261 | D:7      | Reached *** piety under Trog
  6487 | D:7      | Killed Maurice
  6560 | D:7      | Noticed Pikel
  6575 | D:7      | Killed Pikel
  6576 | D:7      | Reached skill level 12 in Fighting
  6576 | D:7      | Reached XP level 10. HP: 99/99 MP: 9/9
  6600 | D:7      | Found a hide-covered altar of Uskayaw.
  6602 | D:7      | Noticed Maggie
  6612 | D:7      | Killed Maggie
  6814 | D:8      | Found Guggel's Assorted Antiques.
  6870 | D:8      | Reached skill level 13 in Fighting
  6885 | D:8      | Found Esesm's Armour Shop.
  6911 | D:8      | Found a white marble altar of Elyvilon.
  7378 | D:8      | Found Veaxuusk's Armour Emporium.
  7381 | D:8      | Bought a +2 pair of gloves for 231 gold pieces
  7405 | D:8      | Found a stormy altar of Qazlal.
  7477 | D:8      | Found a hazy altar of Hepliaklqana.
  8248 | D:8      | Found a bloodstained altar of Trog.
  8436 | D:9      | Found an opulent altar of Gozag.
  8437 | D:9      | Noticed Prince Ribbit
  8449 | D:9      | Killed Prince Ribbit
  8519 | D:9      | Reached skill level 5 in Armour
  8595 | D:9      | Reached skill level 14 in Fighting
  8595 | D:9      | Reached skill level 5 in Dodging
  8624 | D:9      | Noticed a death yak
  8633 | D:9      | Noticed a death yak
  8634 | D:9      | Noticed a death yak
  8642 | D:9      | Identified the +2 leather armour "Borok" {rC+ Str+4 Stlth+}
  8657 | D:9      | Killed a death yak
  8658 | D:9      | Reached skill level 5 in Short Blades
  8661 | D:9      | Killed a death yak
  8662 | D:9      | Reached XP level 11. HP: 110/110 MP: 10/10
  8670 | D:9      | Killed a death yak
  8774 | D:9      | Found a staircase to the Lair.
  8898 | D:9      | Found a runed translucent gate.
  8898 | D:9      | Found a runed translucent gate.
  8966 | D:9      | Found a broken altar of Ashenzari.
  9101 | D:9      | Found a runed translucent gate.
  9101 | D:9      | Noticed JaaP's ghost (journeyman DjFE)
  9211 | D:10     | Entered Level 10 of the Dungeon
  9314 | Lair:1   | Entered Level 1 of the Lair of Beasts
  9362 | Lair:1   | Noticed a seven-headed hydra
  9381 | Lair:1   | Killed a seven-headed hydra
  9530 | Lair:1   | Noticed Harold
  9550 | Lair:1   | Killed Harold
  9653 | Lair:1   | Reached skill level 1 in Throwing
 10242 | Lair:2   | Found a blossoming altar of Fedhas.
 10258 | Lair:2   | Noticed an oklob plant
 10615 | Lair:2   | Reached skill level 15 in Fighting
 10869 | Lair:2   | Reached XP level 12. HP: 121/121 MP: 11/11
 10871 | Lair:2   | Found a staircase to the Shoals.
 11108 | Lair:2   | Reached skill level 10 in Short Blades
 11317 | Shoals:1 | Entered Level 1 of the Shoals
 11324 | Shoals:1 | Reached **** piety under Trog
 11357 | Lair:2   | HP: 5/121 [harpy (9)]
 11358 | Lair:2   | HP: 2/121 [harpy (7)]
 11359 | Lair:2   | Mangled by a harpy

Illustrated notes

Levels and vault maps discovered:
D:1:      dpeg_arrival_rooms_a, layout_rooms, hellmonk_ecumenical_altar_blasted,
          serial_shops, nicolae_shop_statue_plus, nicolae_diamond_shop,
          nicolae_shop_stone, nicolae_shop_real_fake_doors, shop
D:2:      layout_loops_ring, minmay_tripent
D:3:      layout_loops_corners, mainiacjoe_overflow_brackets,
          minmay_joined_circles
D:4:      layout_loops_ring, mainiacjoe_overflow_24_doors, serial_shops, shop,
          kennysheep_generic_room_4, uniq_crazy_yiuf_cottage
D:5:      layout_rooms, lemuel_crystal_altar,
          mainiacjoe_overflow_small_starburst
D:6:      layout_gridville, minmay_temple_entry_glassed_door,
          gammafunk_ghost_grave, chequers_big_river, kb_rosetta, uniq_jeremiah
D:7:      layout_gridville, nicolae_overflow_hidden_temple, uniq_maggie,
          uniq_maurice, uniq_pikel
D:8:      layout_loops_cross, lemuel_tele_altar, lemuel_doored_altar,
          mainiacjoe_overflow_alcove_1, elyvilon_altar_4, serial_shops,
          nicolae_shop_peninsula, shop, nicolae_shop_stone,
          hangedman_decor_riveting
D:9:      layout_rooms, ashenzari_conservatory_becter,
          nicolae_gozag_seed_capital, dpeg_lair_monsters,
          gammafunk_ghost_nasty_kobolds, uniq_prince_ribbit1
D:10:     layout_stronghold, mainiacjoe_overflow_alcove_2
Temple:   nicolae_temple_bog_church
Lair:1:   layout_cellular_growth, st_stairs_10, uniq_harold
Lair:2:   layout_misc_corridors, minmay_shoals_entry_centaurs,
          eino_small_chamber_without_monster, tgw_fedhas
Lair:3:   layout_regular_city, alex1729_snake_entry_snake, serial_bayou_shore_a
Shoals:1: layout_shoals, uniq_mlioglotl

Skill      XL: |  1  2  3  4  5  6  7  8  9 10 11 12 |
---------------+-------------------------------------+-----
Fighting       | 4 5 6 7 9 12 14 15 | 15.5
Polearms       | 4 5 6 8 10 12 | 12.0
Armour         | 3 4 6 8 9 |  9.2
Dodging        | 3 4 5 7 8 |  8.4
Short Blades   | 1 5 9 10 | 10.4
Throwing       | 3 4 |  4.5

Action                     |  1- 3 |  4- 6 |  7- 9 | 10-12 || total
---------------------------+-------+-------+-------+-------++-------
  Melee: Spear             |    93 |   114 |    60 |       ||   267
         Headbutt          |    12 |    18 |    30 |    75 ||   135
         Punch             |     1 |     1 |     4 |     6 ||    12
         Rapier            |       |     6 |       |       ||     6
         Great mace        |       |       |    19 |       ||    19
         Trident           |       |       |   110 |   313 ||   423
  Throw: Dart              |       |       |     1 |    19 ||    20
 Invoke: Berserk           |       |     4 |    13 |    15 ||    32
         Trog's Hand       |       |       |     3 |     1 ||     4
    Use: Scroll            |     3 |     1 |     7 |     9 ||    20
         Potion            |       |       |       |     7 ||     7
 Armour: Animal skin       |     1 |       |       |       ||     1
         Ring mail         |    37 |    53 |    53 |       ||   143
         Plate armour      |       |       |    89 |   355 ||   444
  Dodge: Dodged            |    43 |    44 |    71 |   159 ||   317
